 Dungeon Crawl Stone Soup version 0.27.0-1-g7a089689b8 (webtiles) character file.

Game seed: 368653097143884481

4809 robertstho the Thaumaturge (level 10, -9/65 HPs)
             Began as a Djinni Fire Elementalist on Aug 4, 2021.
             Was an Initiate of Gozag.
             Shot with an arrow by a centaur warrior (10 damage)
             ... on level 10 of the Dungeon.
             The game lasted 00:15:33 (11576 turns).

robertstho the Thaumaturge (DjFE)                  Turns: 11576, Time: 00:15:33

Health: -9/65      AC:  7    Str:  7    XL:     10   Next: 76%
Gold:   242        EV: 13    Int: 23    God:    Gozag SH:  0 Dex: 17

rFire    + + +     SeeInvis +   z - +10 great mace of Accidental Termination {speed, rC+ rN+++ Int+3 Dex-3}
rCold    . . .     Faith    .   (shield currently unavailable)
rNeg     + + +     Spirit   .   A - +1 robe {rF+}
rPois    ∞         Reflect  .   n - +0 helmet
rElec    .         Harm     .   (no cloak)
rCorr    .         Rampage  .   s - +2 pair of gloves
Will     +....                  (boots unavailable)
Stlth    +++.......             (no amulet)
HPRegen  0.20/turn              u - ring of see invisible
MPRegen  0.00/turn              a - +6 ring of dexterity

@: flying, very slightly contaminated, invisible
A: sickness immunity, fire resistance 2, cold vulnerability 1, float, innate
caster, hp casting, extra vitality 1
a: Renounce Religion, Potion Petition, Call Merchant, Bribe Branch


You were on level 10 of the Dungeon.
You worshipped Gozag.
Gozag was aware of your devotion.
You visited 2 branches of the dungeon, and saw 9 of its levels.

You collected 956 gold pieces.
You paid 714 gold pieces to Gozag.

Inventory:

Hand Weapons
 k - a +0 short sword of speed
 z - the +10 great mace of Accidental Termination (weapon) {speed, rC+ rN+++ Int+3 Dex-3}
   (You found it on level 6 of the Dungeon)

   Attacks with this weapon are significantly faster.
   Int:       It affects your intelligence (+3).
   Dex:       It affects your dexterity (-3).
   rC:        It protects you from cold.
   rN:        It renders you almost immune to negative energy.
Armour
 n - a +0 helmet (worn)
 s - a +2 pair of gloves (worn)
 A - a +1 robe of fire resistance (worn)
Jewellery
 a - a +6 ring of dexterity (right hand)
 u - a ring of see invisible (left hand)
 v - a ring of ice
Wands
 p - a wand of charming (11)
Scrolls
 b - 2 scrolls of immolation {unknown}
 c - 2 scrolls of enchant weapon {unknown}
 d - 2 scrolls of enchant armour {unknown}
 e - 2 scrolls of brand weapon {unknown}
 g - 2 scrolls of teleportation {unknown}
 i - 2 scrolls of vulnerability {unknown}
 o - a scroll of fog
 r - 2 scrolls of magic mapping
 w - a scroll of acquirement {unknown}
Potions
 f - a potion of attraction {unknown}
 h - a potion of might {unknown}
 j - a potion of flight {unknown}
 m - a potion of lignification {unknown}
 q - a potion of ambrosia {unknown}
 t - a potion of degeneration {unknown}


   Skills:
 + Level 2.7 Fighting
 + Level 0.9 Short Blades
 + Level 1.5 Maces & Flails
 + Level 0.7 Polearms
 + Level 3.2 Dodging
 + Level 4.6 Stealth
 + Level 10.6 Spellcasting


You had 4 spell levels left.
You knew the following spells:

 Your Spells              Type           Power      Damage    Failure   Level
a - Foxfire               Conj/Fire      100%       2x1d9     1%          1
b - Conjure Flame         Conj/Fire      57%        6-21      1%          3
c - Inner Flame           Hex/Fire       57%        N/A       1%          3
d - Sticky Flame          Conj/Fire      57%        2d7       1%          4
e - Fireball              Conj/Fire      28%        3d12      1%          5
f - Corona                Hex            63%        N/A       1%          1
g - Slow                  Hex            57%        N/A       1%          2
h - Dazzling Flash        Conj/Hex       100%       N/A       1%          3
i - Ice Form              Ice/Tmut       57%        N/A       1%          4
Your spell library was empty.

Dungeon Overview and Level Annotations

Branches:
Dungeon (10/15)            Temple (1/1) D:5             Orc (0/2) D:10
   Lair: D:8-11

Altars:
Dithmenos
Fedhas
Gozag
Hepliaklqana
Kikubaaqudgha
Nemelex Xobeh
Okawaru
Sif Muna
Trog
Uskayaw
Vehumet
Wu Jian
Xom
Yredelemnul
Zin

Shops:
D:7 *

Annotations:
D:5 2 transporters, lnt's ghost, weakling OpDe
D:7 1 runed translucent door, Crazy Yiuf


Innate Abilities, Weirdness & Mutations

You are immune to sickness and miasma.
You are immune to poison.
Your flesh is very heat resistant. (rF++)
You are vulnerable to cold. (rC-)
You float through the air rather than walking.
You learn spells naturally, not from books.
Your magical power is your life essence.
You have superior vitality. (+4 HP)


Message History

* * * LOW HITPOINT WARNING * * *
Unknown command.
Casting: Fireball (dangerous; 1% risk of failure)
Confirm with . or Enter, or press ? or * to list all spells.
The large slime creature is dazzled.
The centaur warrior is dazzled.
* * * LOW HITPOINT WARNING * * *
The centaur warrior wields a +0 shortbow.
The centaur warrior shoots an arrow.
The arrow hits the large slime creature.
The large slime creature hits you.
* * * LOW HITPOINT WARNING * * *
Unknown command.
A large slime creature splits.
Okay, then.
You need at least 400 gold to purchase potions right now!
It was a potion of curing.
You feel better.
You feel better.
As you read the scroll of fear, it crumbles to dust.
You assume a fearsome visage.
The slime creature looks frightened!
The centaur warrior looks frightened!
The slime creature looks frightened!
Unknown command.
The slime creature is no longer blind.
The centaur warrior is no longer blind.
(D) Dungeon (T) Temple (O) Orcish Mines
Where to? (Enter - D:6 @ (x,y), ? - help)
The centaur warrior shoots an arrow.
The arrow hits you.
Okay, then.
Okay, then.
Casting: Dazzling Flash (safe; 1% risk of failure)
Confirm with . or Enter, or press ? or * to list all spells.
Okay, then.
Okay, then.
It was a potion of invisibility.
You fade into invisibility!
The centaur warrior shoots an arrow.
The arrow hits you!!
* * * LOW HITPOINT WARNING * * *
You are very lightly contaminated with residual magic.
The centaur warrior shoots an arrow.
The arrow hits you!
You die...
Your body crumbles into a pile of gold.

###### $ ....#
#..# #..###
#....#############
#..#..............
#(################
#@# #.# ########.#
.........#
.##########.#
...$$.c...c.#
#.####..##### #J##
...


You could see a centaur warrior.

Vanquished Creatures
  Pikel (D:5)
  2 slime creatures (D:10)
  Joseph (D:7)
  A hornet (D:7)
  A warg (D:10)
  A sky beast (D:7)
  3 orc warriors
  An ice beast (D:5)
  2 black bears
  A necrophage (D:7)
  A centaur (D:7)
  A lemure (D:5)
  3 bullfrogs
  2 gnoll sergeants
  2 scorpions
  A wyvern skeleton (D:7)
  5 killer bees
  A water moccasin skeleton (D:6)
  5 howler monkeys
  2 centaur zombies
  3 jellies
  2 orc priests
  3 hounds
  A centaur skeleton (D:5)
  2 gnoll shamans
  3 iguanas
  10 orc wizards
  2 hound skeletons (D:4)
  A howler monkey skeleton (D:7)
  23 gnolls
  9 adders
  2 white imps (D:6)
  2 ufetubi
  An adder skeleton (D:4)
  3 worms
  3 dart slugs
  17 orcs
  6 ball pythons
  A bat (D:2)
  6 endoplasms (D:2)
  3 giant cockroaches (D:1)
  4 goblins
  7 hobgoblins
  A jackal (D:2)
  2 kobolds (D:2)
  4 quokkas
  4 frilled lizards
  A quokka skeleton (D:4)
  13 rats
176 creatures vanquished.

Vanquished Creatures (collateral kills)
  13 foxfires (D:1)
13 creatures vanquished.

Vanquished Creatures (others)
  667 foxfires
  A fungus (D:7)
  3 plants
671 creatures vanquished.

Grand Total: 860 creatures vanquished

Notes
Turn   | Place    | Note
-------+----------+-------------------------------------------
     0 | D:1      | robertstho the Djinni Fire Elementalist began the quest for
                  | the Orb.
     0 | D:1      | Reached XP level 1. HP: 15/15 MP: 0/0
   277 | D:1      | Reached XP level 2. HP: 16/21 MP: 0/0
  1087 | D:1      | Reached skill level 3 in Spellcasting
  1193 | D:1      | Reached XP level 3. HP: 23/25 MP: 0/0
  1193 | D:1      | Learned a level 1 spell: Corona
  1349 | D:1      | Found a faded altar of an unknown god.
  2366 | D:2      | Reached XP level 4. HP: 27/31 MP: 0/0
  2881 | D:2      | Reached XP level 5. HP: 33/36 MP: 0/0
  2881 | D:2      | Learned a level 2 spell: Slow
  3319 | D:3      | Found an iron altar of Okawaru.
  3398 | D:3      | Reached skill level 1 in Fighting
  3852 | D:4      | Reached skill level 4 in Spellcasting
  3940 | D:4      | Reached XP level 6. HP: 28/42 MP: 0/0
  4467 | D:4      | Reached XP level 7. HP: 17/47 MP: 0/0
  4467 | D:4      | Learned a level 3 spell: Dazzling Flash
  4474 | D:4      | Reached skill level 5 in Spellcasting
  5324 | D:5      | Entered Level 5 of the Dungeon
  5444 | D:5      | Found a staircase to the Ecumenical Temple.
  5461 | Temple   | Entered the Ecumenical Temple
  5581 | Temple   | Became a worshipper of Gozag Ym Sagoz the Greedy
  5678 | D:5      | Noticed Pikel
  5835 | D:5      | Killed Pikel
  5836 | D:5      | Reached skill level 6 in Spellcasting
  5836 | D:5      | Reached XP level 8. HP: 26/52 MP: 0/0
  6569 | D:5      | Found a transporter.
  6586 | D:5      | Noticed lnt's ghost (weakling OpDe)
  6589 | D:5      | Found a transporter.
  6632 | D:5      | Reached skill level 7 in Spellcasting
  7228 | D:6      | Reached XP level 9. HP: 55/58 MP: 0/0
  7228 | D:6      | Learned a level 4 spell: Ice Form
  7791 | D:6      | Reached skill level 8 in Spellcasting
  7798 | D:6      | Identified the +10 great mace of Accidental Termination
                  | {speed, rC+ rN+++ Int+3 Dex-3}
  8867 | D:7      | Noticed a hornet
  8871 | D:7      | Killed a hornet
  8873 | D:7      | Reached skill level 9 in Spellcasting
  8884 | D:7      | Reached skill level 1 in Maces & Flails
  9182 | D:7      | Noticed Joseph
  9193 | D:7      | HP: 1/58 [Joseph (26)]
  9200 | D:7      | Killed Joseph
  9201 | D:7      | Reached XP level 10. HP: 3/64 MP: 0/0
 10015 | D:7      | Found Miussat's Assorted Antiques.
 10594 | D:7      | Reached skill level 10 in Spellcasting
 11044 | D:7      | Found a runed translucent door.
 11045 | D:7      | Noticed Crazy Yiuf
 11045 | D:7      | You are sucked into a shaft and drop 3 floors!
 11045 | D:10     | Entered Level 10 of the Dungeon
 11045 | D:10     | Found a staircase to the Orcish Mines.
 11559 | D:10     | Noticed a centaur warrior
 11575 | D:10     | HP: 1/65 [centaur warrior/arrow (21)]
 11576 | D:10     | Shot with an arrow by a centaur warrior

Illustrated notes

Levels and vault maps discovered:
D:1:      eino_arrival_water_star, layout_rooms,
          shapermc_ecumenical_altar_mp_ritualfount
D:2:      minmay_alternating_diamond, layout_basic
D:3:      layout_rooms, okawaru_metal_pillars_1_2, serial_bayou_pond_e
D:4:      layout_cave_pods, amcnicky_mini_pool_small, lightli_minifort
D:5:      layout_loops_ring, mainiacjoe_overflow_chevrons,
          minmay_temple_entry_grid, gammafunk_ghost_arena, uniq_pikel
D:6:      layout_basic, kennysheep_cross_room, hangedman_decor_growths
D:7:      layout_cave_pools, serial_shops, nicolae_shop_statue_plus,
          chequers_mini_garden, kennysheep_dice, uniq_joseph,
          uniq_crazy_yiuf_cottage
D:10:     layout_roguey, lightli_temple_of_fire, grunt_temple_overflow_open,
          david_orc_3, grunt_ministairs_14, minivault_5
Temple:   minmay_crystal_spiral_temple

Skill      XL: |  1  2  3  4  5  6  7  8  9 10 |
---------------+-------------------------------+-----
Spellcasting   | 3 4 6 7 9 10 | 10.6
Fighting       | 1 2 |  2.7
Stealth        | 2 3 4 |  4.6
Dodging        | 3 |  3.2
Maces & Flails | 1 |  1.5
Short Blades   | |  0.9
Polearms       | |  0.7

Action                   |  1- 3 |  4- 6 |  7- 9 | 10-12 || total
-------------------------+-------+-------+-------+-------++-------
Melee: Spear             |     6 |       |       |       ||     6
       Short sword       |       |       |     3 |       ||     3
       Great mace        |       |       |     2 |     7 ||     9
 Cast: Foxfire           |   111 |   124 |   164 |       ||   399
       Dazzling Flash    |       |       |    12 |     1 ||    13
       Sticky Flame      |       |       |    16 |     1 ||    17
       Fireball          |       |       |    24 |    54 ||    78
Invok: Potion Petition   |       |       |       |     1 ||     1
  Use: Scroll            |       |     3 |     3 |     1 ||     7
       Potion            |       |     1 |     2 |     3 ||     6
Armor: Robe              |     1 |     2 |     9 |     3 ||    15
Dodge: Dodged            |    10 |     6 |    28 |     4 ||    48
